Map: Undercurrent LE

Players

Brotoss - Winner!

  • Race: Zerg Zerg
  • Spawn Location: 7:00

David - Winner!

  • Race: Terran Terran
  • Spawn Location: 7:00

shadow

  • Race: Terran Terran
  • Spawn Location: 3:00

Dabrades

  • Race: Protoss Protoss
  • Spawn Location: 1:00

VOD

Have the link to the VOD?

Description

Time

  • Played on: April 10, 2025, 6:39 p.m.
  • Length: 15:09
Show
View Real Time Build Order
Export as new Build Order

Brotoss Zerg - Winner!

Build Orders: Hatch First, Lurkers 

Get SALT Encoding   

  12  0:01  Drone  
  13  0:16  Overlord  
  13  0:18  Drone  
  14  0:35  Drone x2  
  16  0:37  Overlord  
  16  0:55  Drone  
  17  1:09  Drone  
  18  1:15  Hatchery  
  17  1:20  Spawning Pool  
  17  1:23  Extractor  
  15  1:26  Extractor  
  14  1:36  Drone  
  14  1:37  Drone x2  
  17  1:56  Drone  
  18  2:11  Drone x2  
  20  2:24  Lair  
  20  2:33  Baneling Nest  
  20  2:35  Drone x3  
  22  2:45  Drone x2  
  24  2:56  Zergling x4  
  26  3:02  Pneumatized Carapace  
  26  3:20  Drone x3  
  26  3:21  Drone  
  26  3:25  Zergling x4  
  32  3:32  Metabolic Boost  
  32  3:54  Roach Warren  
  31  3:57  Hatchery  
  31  4:01  Infestation Pit  
  29  4:06  Baneling x4  
  29  4:10  Zergling x6  
  29  4:13  Drone x3  
  35  4:21  Overlord x2  
  35  4:37  Drone  
  36  4:43  Baneling  
  36  4:44  Baneling x3  
  36  5:02  Baneling  
  36  5:03  Baneling x3  
  32  5:49  Zergling x6  
  36  5:50  Zergling x12  
  41  6:02  Spine Crawler  
  40  6:06  Extractor  
  40  6:08  Extractor  
  40  6:09  Drone x3  
  39  6:47  Baneling x5  
  39  6:48  Baneling x2  
  39  6:49  Baneling  
  39  6:54  Overlord x2  
  39  6:56  Drone x4  
  39  6:57  Drone x3  
  46  7:03  Hive  
  46  7:08  Hydralisk Den, Glial Reconstitution  
  45  7:14  Evolution Chamber  
  45  7:15  Evolution Chamber x2  
  37  7:26  Drone x2  
  37  7:27  Drone x4  
  41  8:14  Overseer  
  41  8:15  Overseer x2  
  41  8:24  Hydralisk  
  41  8:25  Hydralisk x5  
  41  8:26  Hydralisk x3  
  57  8:41  Zerg Melee Weapons Level 1, Zerg Ground Armor Level 1, Zerg Missile Weapons Level 1  
  57  8:43  Grooved Spines  
  57  9:01  Drone x3  
  57  9:02  Drone x2  
  62  9:03  Drone x4  
  66  9:20  Extractor x2  
  64  9:32  Drone x2  
  64  9:33  Drone x4  
  70  9:42  Hatchery  
  70  9:44  Hatchery  
  68  9:46  Hatchery  
  68  9:47  Hatchery  
  68  9:49  Neural Parasite  
  66  9:59  Tunneling Claws  
  66  10:01  Lurker Den  
  57  10:12  Drone x4  
  57  10:13  Drone x4  
  57  10:14  Drone  
  66  10:25  Drone  
  66  10:26  Drone x2  
  69  10:36  Hydralisk x2  
  69  10:40  Overlord  
  73  10:51  Overlord  
  73  10:52  Overlord x2  
  73  10:53  Queen  
  73  10:54  Overlord  
  75  11:00  Spore Crawler  
  75  11:01  Spore Crawler  
  75  11:03  Spore Crawler  
  72  11:09  Adaptive Talons  
  71  11:33  Hydralisk  
  71  11:34  Hydralisk x5  
  71  11:35  Hydralisk  
  85  11:43  Muscular Augments  
  85  12:01  Hydralisk x2  
  85  12:02  Hydralisk x5  
  85  12:03  Hydralisk x5  
  85  12:06  Seismic Spines  
  108  12:20  Drone x3  
  108  12:21  Drone x5  
  108  12:22  Drone x4  
  120  12:23  Drone x4  
  114  13:02  Spore Crawler  
  114  13:03  Spore Crawler x2  
  111  13:11  Drone x4  
  111  13:12  Drone x3  
  118  13:21  Spine Crawler  
  118  13:24  Drone  
  118  13:25  Drone x5  
  118  13:26  Drone x5  
  118  13:27  Drone x2  
  130  13:39  Hatchery  
  130  13:40  Lurker x4, Extractor  
  130  13:41  Lurker x6  
  134  13:42  Lurker, Extractor  
  138  13:51  Unknown  
  138  14:00  Overlord x2  
  138  14:01  Overlord x5  
  138  14:02  Overlord x4  
Show
View Real Time Build Order
Export as new Build Order

David Terran - Winner!

Build Orders:  

Get SALT Encoding   

  12  0:01  SCV  
  13  0:15  Supply Depot  
  13  0:22  SCV  
  14  0:40  Refinery  
  14  0:46  Barracks  
  14  0:49  SCV  
  15  1:01  SCV  
  16  1:17  SCV  
  17  1:35  Barracks Reactor  
  17  1:40  Supply Depot  
  17  1:42  Command Center  
  17  1:50  Orbital Command  
  17  2:12  Marine x2  
  19  2:30  Marine x2  
  19  2:36  Engineering Bay  
  21  2:47  Marine  
  22  3:00  SCV  
  22  3:02  SCV  
  24  3:06  Barracks  
  24  3:12  SCV  
  25  3:14  SCV  
  26  3:23  Factory  
  26  3:29  SCV  
  26  3:31  SCV  
  28  3:41  SCV  
  29  3:43  SCV  
  30  3:55  SCV, Barracks  
  31  3:59  Terran Infantry Weapons Level 1  
  31  4:07  SCV  
  32  4:10  Refinery  
  32  4:15  SCV  
  33  4:19  SCV  
  34  4:25  Barracks Tech Lab  
  34  4:27  SCV  
  35  4:31  SCV  
  35  4:32  Marine  
  35  4:33  Marine  
  38  4:39  SCV  
  38  4:42  Barracks Tech Lab  
  39  4:49  Refinery  
  39  4:50  Marine  
  39  4:51  Orbital Command, Marine  
  41  4:54  Supply Depot  
  41  4:59  SCV  
  42  5:04  Marine x2  
  44  5:08  Combat Shield, Marine  
  44  5:09  Marine  
  44  5:14  Stimpack  
  46  5:15  Refinery  
  46  5:16  SCV  
  46  5:19  SCV  
  48  5:22  Marine x2  
  48  5:23  Supply Depot  
  48  5:26  Marine x2  
  48  5:28  SCV  
  53  5:31  SCV  
  54  5:44  SCV  
  54  5:46  Marine  
  54  5:47  Marine x3  
  52  5:54  SCV  
  52  5:56  SCV  
  50  6:04  Marine x2  
  50  6:05  Marine x2  
  50  6:06  SCV  
  55  6:14  Supply Depot  
  55  6:16  SCV  
  55  6:18  SCV  
  57  6:22  Marine x4  
  61  6:28  SCV  
  62  6:36  SCV  
  62  6:38  Supply Depot  
  63  6:40  SCV, Marine x3  
  67  6:53  SCV  
  68  7:05  SCV  
  69  7:20  Barracks  
  69  7:26  Factory Tech Lab  
  61  7:58  Siege Tank  
  64  8:01  SCV  
  64  8:05  SCV  
  66  8:08  Barracks, Barracks Reactor  
  66  8:12  Supply Depot  
  65  8:13  SCV  
  65  8:17  SCV  
  60  8:25  SCV  
  58  8:29  SCV  
  58  8:30  Siege Tank  
  62  8:35  Supply Depot, Terran Infantry Armor Level 1  
  62  8:37  SCV  
  58  8:49  SCV  
  59  8:57  Supply Depot  
  59  8:58  Barracks Reactor  
  59  8:59  Starport  
  59  9:02  Siege Tank  
  61  9:30  Supply Depot  
  61  9:34  Siege Tank  
  64  9:39  Marine x8  
  64  9:45  Medivac  
  74  9:52  Supply Depot  
  74  9:57  Marine x8  
  82  10:03  Armory  
  82  10:06  Siege Tank  
  85  10:14  Marine  
  85  10:15  Marine x7, Medivac  
  85  10:17  Supply Depot  
  95  10:32  Marine  
  95  10:33  Marine x7  
  103  10:41  Supply Depot  
  103  10:45  Medivac  
  105  10:51  Marine x2  
  105  10:56  Terran Vehicle Weapons Level 1  
  105  10:57  Factory  
  107  11:11  Supply Depot  
  107  11:12  Marine x7  
  107  11:13  Marine  
  107  11:15  Medivac  
  117  11:19  Thor  
  118  11:30  Marine x8  
  123  11:34  Supply Depot  
  123  11:44  SCV  
  123  11:45  Medivac  
  126  11:47  Marine  
  126  11:48  Marine x7  
  134  11:57  Supply Depot  
  134  12:02  Thor  
  134  12:05  Marine  
  134  12:06  Marine x7  
  148  12:19  Factory Tech Lab  
  148  12:20  Supply Depot  
  148  12:24  Marine x2  
  148  12:26  Missile Turret  
  150  12:43  Thor  
  156  12:44  Supply Depot  
  156  12:45  Thor, Missile Turret  
  156  12:50  Terran Vehicle And Ship Armor Level 1  
  162  13:05  Missile Turret  
  162  13:12  Supply Depot  
  162  13:25  Thor, Missile Turret  
  168  13:27  Thor  
  168  13:33  Marine x8  
  182  13:35  Supply Depot  
  182  13:56  Marine x8  
  179  14:14  Marine x6  
Show
View Real Time Build Order
Export as new Build Order

shadow Terran 

Build Orders:  

Get SALT Encoding   

  12  0:22  Supply Depot  
  12  0:32  Supply Depot  
  12  0:45  Engineering Bay  
  12  0:57  Barracks  
  12  1:08  Refinery  
  12  1:13  SCV  
  13  1:25  SCV  
  14  1:34  Refinery  
  14  1:37  SCV  
  15  1:49  Barracks Tech Lab  
  15  1:59  Missile Turret  
  15  2:02  Missile Turret  
  15  2:07  Marine  
  16  2:25  Marine  
  16  2:27  SCV  
  18  2:38  Supply Depot  
  18  2:39  SCV  
  18  2:43  Marine  
  18  2:44  Factory  
  20  2:51  SCV  
  21  3:01  Marine  
  22  3:08  Barracks  
  22  3:11  Combat Shield  
  22  3:25  Hi-Sec Auto Tracking  
  22  3:41  Factory Tech Lab  
  22  3:56  Barracks Reactor  
  22  4:14  Command Center  
  22  4:33  Marine x2  
  24  4:40  Terran Infantry Weapons Level 1  
  24  4:51  Marine x2  
  16  5:34  SCV  
  17  5:45  Missile Turret  
  17  5:46  SCV  
  17  5:48  SCV  
  19  5:58  SCV  
  20  6:07  Missile Turret  
  20  6:10  SCV  
  21  6:22  SCV  
  22  6:28  Missile Turret  
  22  6:31  SCV  
  23  6:34  SCV  
  24  6:46  SCV  
  25  7:00  SCV  
  25  7:01  Missile Turret  
  26  7:03  SCV  
  27  7:12  SCV  
  20  7:24  SCV  
  21  7:33  SCV  
  21  7:36  Marine x2  
  24  7:46  SCV  
  24  7:48  Siege Tank  
  28  7:54  Marine x2  
  28  7:58  SCV  
  31  8:10  SCV  
  30  8:16  Marine x2  
  32  8:22  SCV  
  33  8:34  Marine x2  
  35  8:52  Marine x2  
  37  8:59  Siege Tank  
  37  9:02  Marine  
  41  9:09  Marine  
  41  9:10  Marine  
  43  9:20  Marine  
  44  9:27  Marine x2  
  46  9:31  Siege Tank  
  46  9:37  Starport  
  46  9:38  Marine  
  50  9:45  Marine x2  
  50  9:51  Armory  
  52  9:55  Marine  
  53  10:07  Starport, Refinery  
  53  10:13  Marine  
  54  10:22  Terran Infantry Armor Level 1  
  54  10:32  Orbital Command  
  54  10:33  Refinery  
  54  10:39  Supply Depot  
  54  10:41  Armory  
  54  10:58  Starport Reactor  
  54  11:00  Starport Reactor  
  54  11:01  SCV, Marine x3  
  54  11:02  Supply Depot  
  58  11:09  Smart Servos  
  58  11:13  SCV  
  59  11:18  Marine x3  
  59  11:25  SCV  
  63  11:31  Terran Ship Weapons Level 1  
  63  11:36  Marine x3  
  66  11:53  Viking x4  
  74  11:54  Marine x3  
  77  12:12  Marine  
  78  12:26  Thor  
  84  12:33  Supply Depot  
  66  12:56  Marine x3  
  66  12:58  Supply Depot  
  65  13:14  Marine x3  
  62  13:28  Supply Depot  
  62  13:32  Marine x3  
  65  13:38  Viking x4  
  73  13:51  Supply Depot  
  73  14:00  SCV  
  74  14:12  SCV  
  67  14:24  SCV  
Show
View Real Time Build Order
Export as new Build Order

Dabrades Protoss 

Build Orders:  

Get SALT Encoding   

  12  0:00  Probe  
  13  0:12  Probe  
  14  0:21  Pylon  
  14  0:24  Probe  
  15  0:35  Probe  
  16  0:45  Gateway, Probe  
  16  0:48  Assimilator  
  17  0:56  Probe  
  17  0:58  Assimilator  
  18  1:07  Probe  
  19  1:12  Gateway  
  19  1:15  Probe  
  19  1:23  Probe  
  21  1:35  Cybernetics Core  
  21  1:41  Forge  
  21  1:43  Probe  
  22  2:04  Pylon  
  22  2:14  Probe  
  23  2:19  Stalker  
  23  2:22  Zealot  
  27  2:27  Robotics Facility  
  27  2:31  Twilight Council  
  27  2:59  Nexus  
  27  3:00  Probe  
  28  3:08  Assimilator  
  28  3:25  Warp Prism  
  30  3:34  Pylon  
  30  3:45  Stalker  
  30  3:48  Zealot  
  30  3:52  Charge  
  34  4:01  Warp Prism  
  36  4:06  Stalker  
  36  4:08  Stalker  
  40  4:25  Probe  
  41  4:32  Probe  
  41  4:37  Probe  
  43  4:44  Probe  
  44  4:46  Stalker x2  
  44  4:49  Probe  
  45  4:56  Probe  
  50  5:01  Probe  
  51  5:46  Stalker  
  53  5:51  Stalker  
  53  6:24  Probe  
  54  6:27  Dark Shrine  
  54  6:29  Assimilator  
  54  6:37  Warp Prism, Probe  
  54  6:48  Stargate  
  54  6:50  Stargate  
  54  6:59  Photon Cannon  
  54  7:03  Protoss Air Weapons Level 1  
  54  7:05  Photon Cannon  
  54  7:17  Pylon  
  54  7:32  Stalker x2  
  54  7:35  Probe x2  
  60  7:47  Probe x2  
  56  8:01  Probe  
  56  8:03  Dark Templar  
  56  8:04  Dark Templar  
  39  9:12  Protoss Air Armor Level 1  
  39  9:37  Nexus  
  39  10:05  Sentry  
  31  10:16  Shadow Stride  
  31  10:48  Sentry, Probe, Dark Templar  
  36  10:51  Pylon  
  36  10:53  Probe  
  37  11:00  Probe  
  38  11:05  Probe  
  39  11:12  Probe  
  40  11:24  Probe  
  41  11:37  Probe  
  42  11:56  Probe  
  42  11:57  Probe  
  44  12:08  Probe  
  44  12:09  Probe  
  46  12:20  Probe  
  46  12:21  Probe  
  48  12:33  Probe x2  
  50  12:45  Probe x2  
  52  12:57  Probe x2  
  54  13:29  Pylon  
  54  13:47  Probe x2  
  60  13:53  Void Ray  
  60  13:59  Probe  
  47  14:46  Probe  
Tags
 
Add a new tag
Caveats
  • Supply blocks, unpowered buildings, or Contaminate may cause inaccurate times.
  • Supply counts are checked every 10 seconds.